[Event "Titled Tuesday Blitz November 08 Early 2022"]
[White "Rustemov, Alexander"]
[Black "Sreyas Payyappat"]
[WhiteFideId "4119002"]
[BlackFideId "46674969"]
[WhiteElo "2652"]
[BlackElo "2083"]
[Result "1-0"]
[Round "05"]
[TimeControl "180+1"]
[Date "2022.11.09"]
[WhiteClock "0:00:33"]
[BlackClock "0:00:05"]

1. d4 Nf6 2. c4 c5 3. d5 e6 4. Nc3 exd5 5. cxd5 d6 6. e4 g6 7. h3 Bg7 8. Bd3 O-O 9. Nf3 b5 10. Bxb5 Nxe4 11. Nxe4 Qa5+ 12. Nfd2 Qxb5 13. Nxd6 Qa6 14. N2c4 Nd7 15. O-O Ne5 16. Nxe5 Bxe5 17. Nxc8 Raxc8 18. Re1 Qd6 19. Bg5 Rfe8 20. Qd2 Bd4 21. Rad1 Qxd5 22. b3 Qf5 23. Be3 Red8 24. Bxd4 cxd4 25. Qd3 Qf6 26. Re2 Rc3 27. Qe4 d3 28. Red2 Qd6 29. g3 a6 30. Kg2 f5 31. Qe3 Qd5+ 32. Qf3 Qd6 33. h4 Kf7 34. h5 Rd7 35. hxg6+ hxg6 36. Rh1 Qd5 37. Qxd5+ Rxd5 38. Rhd1 Kf6 39. Kf3 Ke5 40. Ke3 g5 41. f4+ gxf4+ 42. gxf4+ Ke6 43. Rxd3 Rdxd3+ 44. Rxd3 Rc2 45. a3 Ra2 46. b4 Rh2 47. Rc3 Rh3+ 48. Kd4 Rh4 49. Rc6+ Kd7 50. Rxa6 Rxf4+ 51. Kc5 Rf3 52. a4 f4 53. Ra7+ Kc8 54. Rf7 Rc3+ 55. Kb6 f3 56. b5 Ra3 57. a5 Kd8 58. a6 Ke8 59. Rf4 Kd7 60. Kb7 Ra5 61. b6 Ra3 62. a7 Kd6 63. a8=Q Rxa8 64. Kxa8 Ke5 1-0


[Site "https://www.chess.com"]

[Event "Titled Tuesday Blitz November 08 Early 2022"]
[White "Safin, Robert"]
[Black "Kravtsiv, Martyn"]
[WhiteFideId "34189120"]
[BlackFideId "14113147"]
[WhiteElo "2253"]
[BlackElo "2694"]
[Result "1-0"]
[Round "05"]
[TimeControl "180+1"]
[Date "2022.11.09"]
[WhiteClock "0:01:31"]
[BlackClock "0:00:51"]

1. d4 d5 2. c4 e6 3. Nf3 Nf6 4. g3 Bb4+ 5. Bd2 Be7 6. Qc2 O-O 7. Nc3 dxc4 8. Bg2 c6 9. O-O b5 10. e4 Ba6 11. e5 Nd5 12. Ne4 Nd7 13. Neg5 g6 14. h4 Nb4 15. Bxb4 Bxb4 16. Nh2 Be7 17. Bxc6 Rc8 18. Be4 Bxg5 19. hxg5 Qxg5 20. Kg2 b4 21. Rh1 Nb6 22. f4 Qe7 23. Ng4 Kg7 24. Kf3 c3 25. Rxh7+ Kxh7 26. Qh2+ Kg8 27. Nf6+ Qxf6 28. exf6 Nd7 29. Rh1 1-0


[Site "https://www.chess.com"]

[Event "Titled Tuesday Blitz November 08 Early 2022"]
[White "Sailer, Mike"]
[Black "Roux, Baptiste"]
[WhiteFideId "2012901"]
[BlackFideId "36017450"]
[WhiteElo "2109"]
[BlackElo "2077"]
[Result "1-0"]
[Round "05"]
[TimeControl "180+1"]
[Date "2022.11.09"]
[WhiteClock "0:00:23"]
[BlackClock "0:00:15"]

1. Nf3 g6 2. c4 Bg7 3. Nc3 e5 4. d4 exd4 5. Nxd4 Nc6 6. Nxc6 bxc6 7. g3 Ne7 8. Bg2 O-O 9. O-O Rb8 10. Qc2 d6 11. b3 h6 12. Bb2 Kh7 13. Rad1 Bf5 14. e4 Be6 15. h3 Qc8 16. Kh2 f5 17. c5 fxe4 18. Nxe4 d5 19. Bxg7 Kxg7 20. Nc3 Bf5 21. Qb2 Kh7 22. Ne2 Qe8 23. Nd4 Bd7 24. Rde1 Qf7 25. Re2 Rbe8 26. Rfe1 Nf5 27. Nxf5 Bxf5 28. Rxe8 Rxe8 29. Rxe8 Qxe8 30. Qf6 Qd7 31. h4 h5 32. Bf3 Qg7 33. Qxc6 Qd4 34. Qxc7+ Kh8 35. Qd8+ Kg7 36. Qe7+ Kh6 37. Qe3+ Qxe3 38. fxe3 Be6 39. c6 Kg7 40. c7 Kf6 41. Bxd5 Bc8 42. Kg2 Ke5 43. Bf7 Kf6 44. Be8 Bf5 45. Kf3 Ke7 46. Bc6 Kd6 47. Be4 Bg4+ 48. Kf4 Kxc7 49. Bxg6 Kb6 50. Kg5 Kc5 51. Bxh5 Be6 52. Be2 Kb4 53. h5 Ka3 54. h6 Bg8 55. Bd3 Kxa2 56. h7 Bxh7 57. Bxh7 Kxb3 58. e4 Kc4 59. Kf6 a5 60. e5 a4 61. e6 a3 62. e7 a2 63. Bg8+ 1-0


[Site "https://www.chess.com"]

[Event "Titled Tuesday Blitz November 08 Early 2022"]
[White "Sala, Giulia"]
[Black "Winterberg, Lukas"]
[WhiteFideId "2840451"]
[BlackFideId "24622702"]
[WhiteElo "1769"]
[BlackElo "2349"]
[Result "0-1"]
[Round "05"]
[TimeControl "180+1"]
[Date "2022.11.09"]
[WhiteClock "0:02:06"]
[BlackClock "0:02:03"]

1. h4 d5 2. g3 e5 3. Bg2 Nc6 4. d3 Nf6 5. Nc3 Be6 6. Bg5 Bc5 7. Qd2 h6 8. Bxf6 Qxf6 9. Nf3 O-O-O 10. O-O-O e4 11. Nh2 Qxf2 12. Rdg1 Be3 0-1


[Site "https://www.chess.com"]

[Event "Titled Tuesday Blitz November 08 Early 2022"]
[White "Samunenkov, Ihor"]
[Black "Jegorovas, Aleksandras"]
[WhiteFideId "14187086"]
[BlackFideId "12801950"]
[WhiteElo "2441"]
[BlackElo "2247"]
[Result "1-0"]
[Round "05"]
[TimeControl "180+1"]
[Date "2022.11.09"]
[WhiteClock "0:00:06"]
[BlackClock "0:00:12"]

1. e4 e6 2. d4 d5 3. Nd2 Be7 4. Bd3 c5 5. dxc5 Nf6 6. Qe2 a5 7. Ngf3 O-O 8. O-O Na6 9. exd5 Qxd5 10. Ne4 Nxc5 11. Nxc5 Bxc5 12. Bf4 b6 13. Rad1 Qh5 14. Ne5 Bb7 15. Qxh5 Nxh5 16. Bc1 Nf6 17. Bb5 Rfd8 18. Nd3 Ne4 19. Nxc5 Nxc5 20. Be3 Kf8 21. c3 Ke7 22. Rxd8 Rxd8 23. b4 axb4 24. cxb4 Nd7 25. Bxd7 Rxd7 26. Bxb6 Rd2 27. a4 Rb2 28. b5 Ra2 29. a5 Rb2 30. Bc5+ Kd7 31. a6 Bd5 32. b6 Kc6 33. Be3 Ra2 34. Rc1+ Kb5 35. b7 1-0


[Site "https://www.chess.com"]

[Event "Titled Tuesday Blitz November 08 Early 2022"]
[White "Santos Flores, Alberto"]
[Black "Gareyev, Timur"]
[WhiteFideId "3601234"]
[BlackFideId "14200937"]
[WhiteElo "2235"]
[BlackElo "2552"]
[Result "0-1"]
[Round "05"]
[TimeControl "180+1"]
[Date "2022.11.09"]
[WhiteClock "0:00:01"]
[BlackClock "0:00:08"]

1. d4 Nf6 2. c4 e6 3. Nf3 b6 4. g3 Ba6 5. b3 b5 6. cxb5 Bxb5 7. Bg2 Bc6 8. O-O a5 9. Nc3 Be7 10. Qc2 d5 11. Ne5 Bb7 12. Bf4 O-O 13. Na4 Na6 14. Rfc1 Ba3 15. Rd1 h6 16. Nc6 Bxc6 17. Qxc6 Qd7 18. Qxd7 Nxd7 19. e4 c6 20. Bc1 Bb4 21. Bb2 Rab8 22. Rac1 Rfc8 23. Rc2 Bd6 24. Bc3 Nb4 25. Bxb4 Bxb4 26. Rdc1 Ba3 27. Rd1 Nf6 28. f3 Kf8 29. Kf2 Ke8 30. Nc5 Nd7 31. Nxd7 Kxd7 32. Ke3 a4 33. bxa4 Ra8 34. Bf1 Rcb8 35. exd5 exd5 36. Rd3 Bb4 37. Rb3 Re8+ 38. Kd3 Rxa4 39. Rcb2 Bd6 40. Be2 Ke6 41. f4 Kf6 42. Rb6 Ra3+ 43. R6b3 Ra4 44. Bf3 Re1 45. Rb6 Rc1 0-1


[Site "https://www.chess.com"]

[Event "Titled Tuesday Blitz November 08 Early 2022"]
[White "Sarana, Alexey"]
[Black "Yuan, Qingyu"]
[WhiteFideId "24133795"]
[BlackFideId "8609772"]
[WhiteElo "2708"]
[BlackElo "2359"]
[Result "1-0"]
[Round "05"]
[TimeControl "180+1"]
[Date "2022.11.08"]
[WhiteClock "0:00:06"]
[BlackClock "0:00:02"]

1. c4 e6 2. Nc3 d5 3. d4 Nf6 4. cxd5 exd5 5. Bf4 Bd6 6. Bxd6 Qxd6 7. e3 c6 8. Bd3 O-O 9. Nge2 Bg4 10. f3 Bh5 11. Nf4 Re8 12. Kf2 Nbd7 13. h4 Bg6 14. h5 Bxd3 15. Qxd3 Nf8 16. g4 Re7 17. g5 N6d7 18. Rh4 Rae8 19. Re1 Ne6 20. Nxe6 Rxe6 21. f4 c5 22. dxc5 Nxc5 23. Qd4 Ne4+ 24. Kf3 Nxc3 25. bxc3 Re4 26. Qd3 Qc6 27. Kf2 Rc4 28. Rc1 Rc8 29. h6 Rxc3 30. Rxc3 Qxc3 31. Qxd5 Qc2+ 32. Kf3 Qc6 33. Qxc6 Rxc6 34. hxg7 Ra6 35. f5 Kxg7 36. f6+ Kg8 37. Rc4 h6 38. Kg4 hxg5 39. Kxg5 Kh7 40. Rh4+ Kg8 41. Rd4 Kh7 42. e4 Ra5+ 43. Rd5 Rxa2 44. Rd7 Rg2+ 45. Kh5 Rh2+ 46. Kg5 Rg2+ 47. Kf5 Rf2+ 48. Ke5 Kg6 49. Rd1 Rg2 50. Rd7 a5 51. Rxb7 Rg5+ 52. Kf4 a4 53. Ra7 Rg1 54. Ra6 Rf1+ 55. Ke5 Rf3 56. Ra8 a3 57. Rg8+ Kh6 58. Rg2 Kh7 59. Rg7+ Kh6 60. Rxf7 a2 61. Ra7 Rf2 62. Ke6 Kg6 63. e5 Kg5 64. Ra3 Kg6 65. Ke7 Rf5 66. e6 Rxf6 67. Rxa2 Rf4 68. Rg2+ Kf5 69. Re2 Rd4 70. Kf7 Rh4 71. e7 Rh7+ 72. Kg8 Rxe7 73. Rxe7 1-0


[Site "https://www.chess.com"]

[Event "Titled Tuesday Blitz November 08 Early 2022"]
[White "Savic, Miomir"]
[Black "Winkels, Marcel"]
[WhiteFideId "934550"]
[BlackFideId "1003887"]
[WhiteElo "2122"]
[BlackElo "1900"]
[Result "1-0"]
[Round "05"]
[TimeControl "180+1"]
[Date "2022.11.09"]
[WhiteClock "0:01:55"]
[BlackClock "0:01:10"]

1. d4 Nf6 2. Bg5 d5 3. Nf3 Nbd7 4. c4 c6 5. cxd5 cxd5 6. e3 e6 7. Bd3 Bd6 8. O-O O-O 9. Nc3 a6 10. a4 b6 11. h3 Bb7 12. Rc1 Rc8 13. Qe2 Nb8 14. Ne5 h6 15. Bh4 Be7 16. Bg3 Nfd7 17. Nxd7 Qxd7 18. Bxb8 Rxb8 19. Bxa6 Bb4 20. Bxb7 Qxb7 21. Qb5 Qe7 22. Na2 Bd6 23. Rc6 Bc7 24. Rfc1 Rfc8 25. Nb4 Bd8 26. Rxc8 1-0


[Site "https://www.chess.com"]

[Event "Titled Tuesday Blitz November 08 Early 2022"]
[White "Selbes, Tarik"]
[Black "Concio, Michael Jr."]
[WhiteFideId "6302513"]
[BlackFideId "5217873"]
[WhiteElo "2290"]
[BlackElo "2236"]
[Result "0-1"]
[Round "05"]
[TimeControl "180+1"]
[Date "2022.11.09"]
[WhiteClock "0:00:01"]
[BlackClock "0:00:08"]

1. d4 Nf6 2. Nf3 e6 3. g3 c5 4. Bg2 Nc6 5. O-O Be7 6. c4 d5 7. cxd5 exd5 8. Nc3 O-O 9. dxc5 Bxc5 10. Na4 Be7 11. Be3 Ne4 12. Nd4 Bf6 13. Rc1 Bd7 14. Nc5 Nxc5 15. Rxc5 Ne7 16. Qb3 b6 17. Rc2 Rc8 18. Rfc1 Rxc2 19. Rxc2 Nf5 20. Nxf5 Bxf5 21. Rd2 d4 22. Bxd4 Bxd4 23. e3 Be6 24. Qd1 Qf6 25. Rxd4 Bxa2 26. Qa4 Be6 27. Qxa7 Rc8 28. Qa1 g6 29. Qd1 Kg7 30. h4 h5 31. b4 Bg4 32. Qd2 Bf5 33. Rf4 Qa1+ 34. Kh2 Rc2 35. Qd8 Qb2 36. e4 Be6 37. Qxb6 Rc4 38. b5 Rb4 39. Qe3 Rxb5 40. Bh3 Rb3 0-1


[Site "https://www.chess.com"]

[Event "Titled Tuesday Blitz November 08 Early 2022"]
[White "Sernecki, Franciszek"]
[Black "Ostrovskiy, Aleksandr"]
[WhiteFideId "1169297"]
[BlackFideId "2034239"]
[WhiteElo "2210"]
[BlackElo "2340"]
[Result "0-1"]
[Round "05"]
[TimeControl "180+1"]
[Date "2022.11.09"]
[WhiteClock "0:01:06"]
[BlackClock "0:01:29"]

1. c4 b6 2. Nc3 Bb7 3. e4 e6 4. g3 Bb4 5. Nge2 f5 6. Bg2 Nf6 7. O-O fxe4 8. d3 O-O 9. dxe4 e5 10. Nd5 Bc5 11. Bg5 a5 12. Qd2 Nc6 13. Nxf6+ gxf6 14. Be3 d6 15. Bh3 Qe8 16. Rad1 Kh8 17. Bxc5 bxc5 18. Nc3 Nd4 19. Bg2 f5 20. exf5 Nf3+ 21. Bxf3 Bxf3 22. Rde1 Qh5 23. Re3 Rxf5 24. Qd3 Raf8 25. Rfe1 Qxh2+ 0-1


[Site "https://www.chess.com"]

[Event "Titled Tuesday Blitz November 08 Early 2022"]
[White "Shapiro, Daniel"]
[Black "Pajeken, Jakob Leon"]
[WhiteFideId "2001780"]
[BlackFideId "12942839"]
[WhiteElo "2318"]
[BlackElo "2429"]
[Result "0-1"]
[Round "05"]
[TimeControl "180+1"]
[Date "2022.11.09"]
[WhiteClock "0:00:03"]
[BlackClock "0:00:28"]

1. d4 d5 2. c4 dxc4 3. e4 Nf6 4. e5 Nd5 5. Bxc4 Bf5 6. Ne2 e6 7. Nbc3 Nb6 8. Bd3 Bxd3 9. Qxd3 a6 10. O-O c5 11. Be3 Nc6 12. Rfd1 c4 13. Qe4 Nd5 14. Nf4 Ncb4 15. a3 Nxf4 16. axb4 Nd5 17. b5 a5 18. Ra4 Bb4 19. Qc2 Bxc3 20. bxc3 Nb6 21. Ra2 Qd5 22. Rb1 a4 23. f3 Kd7 24. Qe4 Ra5 25. Kf2 Kc7 26. Qg4 Rg8 27. Qe4 g6 28. Bc1 Rxb5 29. Qxd5 Rxd5 30. Ba3 Ra8 31. Bc5 Nd7 32. Bd6+ Kc6 33. Rb4 b5 34. Rb1 Nf6 35. Ke3 Ne8 36. Bb4 Nc7 37. g4 Rd7 38. h4 Nd5+ 39. Kd2 Rda7 40. Bc5 Ra6 41. h5 gxh5 42. Rh1 hxg4 43. fxg4 Rg8 44. Rxh7 Rxg4 45. Ra3 Rg2+ 46. Ke1 Ne3 47. Rxf7 Kd5 48. Rf3 Ke4 49. Rxe3+ Kxe3 50. d5+ Kd3 51. d6 Ra8 52. Bb6 Rh8 53. d7 Rh1+ 0-1


[Site "https://www.chess.com"]

[Event "Titled Tuesday Blitz November 08 Early 2022"]
[White "Shimanov, Aleksandr"]
[Black "Tleptsok, Ruslan"]
[WhiteFideId "4198603"]
[BlackFideId "24104485"]
[WhiteElo "2605"]
[BlackElo "2130"]
[Result "0-1"]
[Round "05"]
[TimeControl "180+1"]
[Date "2022.11.09"]
[WhiteClock "0:00:03"]
[BlackClock "0:01:13"]

1. e4 d5 2. exd5 Nf6 3. d4 Bg4 4. Be2 Bxe2 5. Qxe2 Qxd5 6. Nf3 Nc6 7. Be3 O-O-O 8. O-O e6 9. c4 Qh5 10. Nc3 Rg8 11. Ng5 Qg6 12. Rad1 Nxd4 13. Bxd4 Qxg5 14. Bxa7 Bd6 15. Be3 Qe5 16. g3 h5 17. Rfe1 Ng4 18. Rd3 Bb4 19. Red1 Rxd3 20. Rxd3 Rd8 21. Rxd8+ Kxd8 22. Qd3+ Ke7 23. Bd2 Bc5 24. Ne4 Bd4 25. Bf4 Bxf2+ 26. Kf1 Qxb2 27. Bg5+ f6 28. Bd2 Bd4 29. Qb3 Qa1+ 30. Ke2 b6 31. Qa3+ Kf7 32. Qa4 Ne5 33. c5 bxc5 34. Qa7 Qh1 35. Qxc7+ Kg6 36. Nd6 Qf3+ 37. Ke1 Nd3# 0-1


[Site "https://www.chess.com"]

[Event "Titled Tuesday Blitz November 08 Early 2022"]
[White "Shohat, Yotam"]
[Black "Kosteniuk, Alexandra"]
[WhiteFideId "2813955"]
[BlackFideId "4128125"]
[WhiteElo "2216"]
[BlackElo "2469"]
[Result "0-1"]
[Round "05"]
[TimeControl "180+1"]
[Date "2022.11.09"]
[WhiteClock "0:00:01"]
[BlackClock "0:00:30"]

1. e4 c6 2. d4 d5 3. exd5 cxd5 4. c4 Nf6 5. Nc3 Nc6 6. Be3 g6 7. Nf3 Bg7 8. h3 O-O 9. c5 Ne4 10. Bd3 f5 11. O-O Nxc3 12. bxc3 f4 13. Bd2 e5 14. dxe5 Nxe5 15. Nxe5 Bxe5 16. Qf3 Bg7 17. Rab1 Kh8 18. Rfd1 Qc7 19. c4 d4 20. Re1 Rb8 21. h4 Bd7 22. h5 Bc6 23. Qh3 g5 24. h6 Be5 25. Rxe5 Qxe5 26. Re1 Qxc5 27. Qh5 Rbe8 28. Rxe8 Bxe8 29. Qf3 Bc6 30. Qg4 Qe7 31. c5 Qe5 32. f3 a6 33. Qh5 Qxc5 0-1


[Site "https://www.chess.com"]

[Event "Titled Tuesday Blitz November 08 Early 2022"]
[White "Shuvalova, Polina"]
[Black "Galchenko, Matvey"]
[WhiteFideId "24171760"]
[BlackFideId "24175480"]
[WhiteElo "2342"]
[BlackElo "2403"]
[Result "0-1"]
[Round "05"]
[TimeControl "180+1"]
[Date "2022.11.09"]
[WhiteClock "0:00:03"]
[BlackClock "0:00:13"]

1. d4 Nf6 2. Nf3 c5 3. d5 b5 4. e4 Nxe4 5. Bd3 Nf6 6. O-O c4 7. Be2 Bb7 8. a4 a6 9. axb5 axb5 10. Rxa8 Bxa8 11. Na3 Bxd5 12. Nxb5 e6 13. Bf4 d6 14. Nd2 Bc6 15. Bxc4 Be7 16. Nf3 e5 17. Bg5 d5 18. Be2 h6 19. Bh4 Ne4 20. Bxe7 Qxe7 21. Re1 O-O 22. Nc3 Nxc3 23. bxc3 Nd7 24. Qd2 Qc5 25. Rd1 Ra8 26. h3 Ra3 27. c4 d4 28. Ne1 e4 29. Qf4 Ra2 30. Qc7 d3 31. Bg4 dxc2 32. Rc1 e3 33. Nd3 exf2+ 34. Nxf2 Qe3 35. Qxc6 Qxc1+ 36. Kh2 Qf4+ 37. Kh1 c1=Q+ 38. Nd1 Qf1+ 39. Kh2 Qcf4# 0-1


[Site "https://www.chess.com"]

[Event "Titled Tuesday Blitz November 08 Early 2022"]
[White "Sibilio, Mario"]
[Black "Kirillov, Dmitry"]
[WhiteFideId "800422"]
[BlackFideId "34180572"]
[WhiteElo "2251"]
[BlackElo "2095"]
[Result "1-0"]
[Round "05"]
[TimeControl "180+1"]
[Date "2022.11.09"]
[WhiteClock "0:00:14"]
[BlackClock "0:00:05"]

1. Nf3 d5 2. d3 g6 3. c4 c6 4. Qa4 Nd7 5. cxd5 cxd5 6. Nc3 Nf6 7. g3 Bg7 8. Bg2 O-O 9. O-O a6 10. Qh4 b5 11. Bh6 Bb7 12. Ng5 e6 13. e4 dxe4 14. dxe4 e5 15. Rad1 Qe7 16. Bh3 Rad8 17. Nd5 Bxd5 18. Rxd5 Nb6 19. Rdd1 Rfe8 20. b3 Nxe4 21. Qxe4 Bxh6 22. Nf3 Bg7 23. Qc6 Rb8 24. Rfe1 f5 25. Nxe5 1-0


[Site "https://www.chess.com"]

[Event "Titled Tuesday Blitz November 08 Early 2022"]
[White "Sihlongonyane, Sikhanyiso"]
[Black "Osmonbekov, Talaibek"]
[WhiteFideId "20700784"]
[BlackFideId "2017253"]
[WhiteElo "1574"]
[BlackElo "2135"]
[Result "0-1"]
[Round "05"]
[TimeControl "180+1"]
[Date "2022.11.09"]
[WhiteClock "0:00:04"]
[BlackClock "0:01:18"]

1. e4 c5 2. Nf3 d6 3. d4 cxd4 4. Nxd4 Nf6 5. Nc3 g6 6. Be3 Bg7 7. Bc4 O-O 8. f3 Nc6 9. Qd2 Bd7 10. O-O-O Rc8 11. Bb3 Nxd4 12. Bxd4 b5 13. Kb1 a5 14. e5 b4 15. exf6 bxc3 16. Bxc3 exf6 17. Bxa5 Qe8 18. Qxd6 Ba4 19. Rhe1 Bxb3 20. Rxe8 Bxc2+ 21. Kc1 Rfxe8 22. Bc3 Bxd1 23. Kxd1 Red8 24. Qxd8+ Rxd8+ 25. Ke2 f5 26. Bxg7 Kxg7 27. b3 f4 28. g3 g5 0-1


[Site "https://www.chess.com"]

[Event "Titled Tuesday Blitz November 08 Early 2022"]
[White "Simonovic, Miroslav"]
[Black "Ahn, Hongjin"]
[WhiteFideId "919152"]
[BlackFideId "13201492"]
[WhiteElo "2043"]
[BlackElo "2182"]
[Result "0-1"]
[Round "05"]
[TimeControl "180+1"]
[Date "2022.11.09"]
[WhiteClock "0:00:02"]
[BlackClock "0:00:27"]

1. d4 c5 2. c3 g6 3. h4 h5 4. d5 Bg7 5. e4 d6 6. Be3 Nf6 7. Qc2 Ng4 8. Bg5 Bf6 9. f3 Bxg5 10. hxg5 Ne3 11. Bb5+ Kf8 12. Qd2 Qb6 13. Na3 c4 14. Bxc4 Nxc4 15. Nxc4 Qc5 16. Qd4 Nd7 17. Ne2 Qxd4 18. Nxd4 Kg7 19. f4 Nc5 20. O-O-O Bg4 21. Rdg1 Nxe4 22. Ne3 Rac8 23. Nxg4 hxg4 24. Kc2 Nf2 25. Rxh8 Rxh8 26. Re1 Kf8 27. f5 Rh2 28. fxg6 fxg6 29. Ne6+ Kf7 30. Nf4 g3 31. Re3 Rh4 32. Ne2 Rh2 33. Rxg3 Ne4 34. Rf3+ Ke8 35. Nf4 Nxg5 36. Rg3 Ne4 37. Rxg6 Kd7 38. Rg7 Nf6 39. Kb3 Rh1 40. g4 Rf1 41. Ng6 Nxd5 42. g5 Rg1 43. Nf8+ Ke8 44. Ne6 Kd7 45. Nf8+ Kc6 46. g6 e5 47. Ne6 Nf6 48. Nd8+ Kd5 49. Rxb7 e4 50. g7 e3 51. Re7 Ne4 52. Nf7 e2 53. Rxe4 Kxe4 54. Nxd6+ Kd5 55. Nf5 e1=Q 56. g8=Q+ Rxg8 57. Ne7+ Qxe7 0-1


[Site "https://www.chess.com"]

[Event "Titled Tuesday Blitz November 08 Early 2022"]
[White "Sjugirov, Sanan"]
[Black "Tarigan, Gilbert Elroy"]
[WhiteFideId "4189302"]
[BlackFideId "7108133"]
[WhiteElo "2611"]
[BlackElo "2284"]
[Result "0-1"]
[Round "05"]
[TimeControl "180+1"]
[Date "2022.11.08"]
[WhiteClock "0:00:05"]
[BlackClock "0:00:55"]

1. e4 e5 2. Nf3 Nf6 3. Nxe5 d6 4. Nf3 Nxe4 5. Nc3 Nf6 6. d4 Be7 7. Bg5 O-O 8. Qd2 Bf5 9. O-O-O Nbd7 10. Nh4 Be6 11. Bd3 Nd5 12. Bxe7 Qxe7 13. Nxd5 Bxd5 14. Nf5 Qf6 15. Ne3 Nb6 16. Nxd5 Nxd5 17. Be4 Nb6 18. Bxb7 Rab8 19. Ba6 c5 20. Rhe1 c4 21. Re3 d5 22. Rf3 Qd6 23. Qa5 Rfe8 24. Bb5 Re7 25. Qa3 Qh6+ 26. Kb1 Qd2 0-1


[Site "https://www.chess.com"]

[Event "Titled Tuesday Blitz November 08 Early 2022"]
[White "Skibbe, Willi"]
[Black "Hon, Eric"]
[WhiteFideId "4682190"]
[BlackFideId "2097117"]
[WhiteElo "2364"]
[BlackElo "1918"]
[Result "1-0"]
[Round "05"]
[TimeControl "180+1"]
[Date "2022.11.09"]
[WhiteClock "0:00:06"]
[BlackClock "0:00:05"]

1. d4 Nf6 2. Nf3 c5 3. dxc5 e6 4. a3 Bxc5 5. b4 Bb6 6. e3 O-O 7. Bb2 d5 8. c4 dxc4 9. Qxd8 Rxd8 10. Bxc4 Nc6 11. Nbd2 a5 12. b5 Ne7 13. Bxf6 gxf6 14. Ne4 Kg7 15. Ke2 e5 16. Rhd1 Bf5 17. Ng3 Bc2 18. Rdc1 Ba4 19. Nh4 Rac8 20. Bd3 Rxd3 21. Kxd3 Bxb5+ 22. Kd2 Rd8+ 23. Kc3 Nd5+ 24. Kb2 a4 25. Nhf5+ Kf8 26. Rd1 e4 27. Rac1 Bd3 28. Nd4 Bc7 29. Ngf5 Be5 30. Ka2 b5 31. Rc5 b4 32. axb4 Nxb4+ 33. Ka3 Na6 34. Rc6 Rb8 35. Rdc1 Ke8 36. Rc8+ Rxc8 37. Rxc8+ Kd7 38. Ra8 Nc5 39. Ra7+ Kc8 40. Kb4 Nb7 41. Nb5 Kb8 42. Rxa4 Bxh2 43. g3 Bg1 44. Ra2 h5 45. Nbd4 Kc7 46. Kc3 Nc5 47. Kb4 Nb7 48. Rb2 Nd6 49. Nb5+ Kd7 50. Nbxd6 Bh2 51. Kc3 Bg1 52. Kd4 Bxf2 53. Rxf2 1-0


[Site "https://www.chess.com"]

[Event "Titled Tuesday Blitz November 08 Early 2022"]
[White "Streltsov, Alexey"]
[Black "Ozen, Bahadir"]
[WhiteFideId "24104434"]
[BlackFideId "6337058"]
[WhiteElo "2573"]
[BlackElo "2503"]
[Result "0-1"]
[Round "05"]
[TimeControl "180+1"]
[Date "2022.11.09"]
[WhiteClock "0:00:17"]
[BlackClock "0:00:25"]

1. d4 g6 2. e4 Bg7 3. Nc3 c6 4. Nf3 d6 5. Bc4 Nf6 6. a4 O-O 7. O-O Bg4 8. h3 Bxf3 9. Qxf3 Nbd7 10. Rd1 e6 11. Bg5 d5 12. Bd3 Qc7 13. e5 Ne8 14. Bf4 c5 15. Nb5 Qb8 16. c3 a6 17. Na3 Nc7 18. Qe3 cxd4 19. cxd4 Qd8 20. Rac1 Rc8 21. Rc2 Na8 22. Rdc1 Rxc2 23. Rxc2 Nab6 24. a5 Nc8 25. b4 Na7 26. Qc1 Nc6 27. Rxc6 bxc6 28. Qxc6 Nb8 29. Qb7 Qc8 30. Qb6 Qc3 31. Bxa6 Nxa6 32. Qxa6 Qxa3 33. b5 Qa1+ 34. Kh2 Qxd4 35. Bg3 Bxe5 36. b6 h5 37. Qa7 h4 38. Bxe5 Qxe5+ 39. Kg1 Rc8 40. g4 Rc1+ 0-1


[Site "https://www.chess.com"]

[Event "Titled Tuesday Blitz November 08 Early 2022"]
[White "Svane, Rasmus"]
[Black "Baskakov, Egor"]
[WhiteFideId "4657101"]
[BlackFideId "24197866"]
[WhiteElo "2674"]
[BlackElo "2211"]
[Result "1-0"]
[Round "05"]
[TimeControl "180+1"]
[Date "2022.11.08"]
[WhiteClock "0:01:13"]
[BlackClock "0:01:55"]

1. Nf3 Nf6 2. g3 e6 3. Bg2 d5 4. O-O Be7 5. c4 O-O 6. b3 b6 7. d4 Bb7 8. Nc3 Ne4 9. Bb2 f5 10. Rc1 a6 11. cxd5 exd5 12. Ne5 Nd7 13. Nd3 Bd6 14. e3 Qe7 15. Ne2 g5 16. f4 Nef6 17. Ne5 Ng4 18. Qd3 gxf4 19. exf4 Qe6 20. h3 Ngf6 21. g4 Ne4 22. Ng3 fxg4 23. f5 Qe7 24. Nxe4 gxh3 25. f6 Qd8 26. Qg3+ 1-0


[Site "https://www.chess.com"]

[Event "Titled Tuesday Blitz November 08 Early 2022"]
[White "Szente Varga, Fruzsina"]
[Black "Pinheiro, Iung Alicio de O."]
[WhiteFideId "712264"]
[BlackFideId "2104350"]
[WhiteElo "1994"]
[BlackElo "2283"]
[Result "1-0"]
[Round "05"]
[TimeControl "180+1"]
[Date "2022.11.09"]
[WhiteClock "0:00:24"]
[BlackClock "0:00:13"]

1. e4 c6 2. d4 d5 3. Nc3 dxe4 4. Nxe4 Nf6 5. Nxf6+ exf6 6. c3 Bd6 7. Bd3 O-O 8. Qc2 Re8+ 9. Ne2 h5 10. Bd2 Nd7 11. O-O-O Nf8 12. f3 Be6 13. Kb1 b5 14. h4 Bd5 15. Rdg1 a5 16. Be4 f5 17. Bxd5 Rxe2 18. Bxc6 Rc8 19. Bxb5 Rf2 20. Qd3 Rb8 21. Be1 Bg3 22. Bxf2 Bxf2 23. Rf1 Bg3 24. a4 Ne6 25. Qxf5 g6 26. Qe4 Nf4 27. Rd1 Qd6 28. Qe5 Qd8 29. Qg5 Qxg5 30. hxg5 Ne6 31. d5 Nxg5 32. d6 Rd8 33. d7 Kf8 34. Rd2 Ke7 35. Rhd1 h4 36. c4 Ne6 37. Re2 Kf6 38. Rxe6+ Kxe6 39. c5 Bc7 40. c6 f5 41. Re1+ Kf6 42. Bc4 Kg5 43. Kc2 Kf4 44. Re2 Kg3 45. Bd5 g5 46. Kc3 g4 47. fxg4 fxg4 48. b4 axb4+ 49. Kxb4 Rb8+ 50. Kc4 Rb1 51. Re8 Rc1+ 52. Kb3 Rd1 53. d8=Q Bxd8 54. Rxd8 h3 55. gxh3 gxh3 56. c7 h2 57. c8=Q Rxd5 58. Qc7+ Kg2 59. Qc6 1-0


[Site "https://www.chess.com"]

[Event "Titled Tuesday Blitz November 08 Early 2022"]
[White "Tari, Aryan"]
[Black "Bacrot, Etienne"]
[WhiteFideId "1510045"]
[BlackFideId "605506"]
[WhiteElo "2612"]
[BlackElo "2666"]
[Result "0-1"]
[Round "05"]
[TimeControl "180+1"]
[Date "2022.11.08"]
[WhiteClock "0:00:03"]
[BlackClock "0:00:09"]

1. e4 c5 2. Nf3 d6 3. Bc4 Nf6 4. Qe2 Nc6 5. h3 g6 6. O-O Bg7 7. c3 O-O 8. d4 cxd4 9. cxd4 d5 10. exd5 Nxd5 11. Rd1 Be6 12. Bb3 Na5 13. Bc2 Rc8 14. Be4 Nf6 15. Bd3 Nd5 16. Be4 Qb6 17. Bxd5 Bxd5 18. Nc3 Bxf3 19. Qxf3 Nc6 20. d5 Ne5 21. Qe2 Nc4 22. Ne4 Nxb2 23. Bxb2 Qxb2 24. Qxb2 Bxb2 25. Rab1 Rc2 26. Rd2 Rc1+ 27. Rxc1 Bxc1 28. Rc2 Ba3 29. Rc7 Rb8 30. g4 a5 31. Kg2 a4 32. Nc3 b5 33. Ra7 Bb4 34. Ne4 Rd8 35. d6 exd6 36. Rb7 d5 37. Nf6+ Kg7 38. g5 Bc3 39. Ng4 b4 40. Kf3 d4 41. Ne5 Rf8 42. Ke4 Re8 43. Rxf7+ Kg8 44. Rd7 d3 45. f4 d2 46. h4 b3 47. axb3 a3 48. h5 a2 49. h6 Bxe5 0-1


[Site "https://www.chess.com"]

[Event "Titled Tuesday Blitz November 08 Early 2022"]
[White "Tasev, Dejan"]
[Black "Sanchez, Robert"]
[WhiteFideId "936618"]
[BlackFideId "2034360"]
[WhiteElo "2256"]
[BlackElo "2399"]
[Result "1-0"]
[Round "05"]
[TimeControl "180+1"]
[Date "2022.11.09"]
[WhiteClock "0:00:17"]
[BlackClock "0:01:20"]

1. e4 d5 2. exd5 Qxd5 3. Nc3 Qe6+ 4. Be2 Qg6 5. Bf3 Nc6 6. d3 Bd7 7. Bf4 O-O-O 8. Bg3 e5 9. Nge2 f5 10. h3 Nf6 11. Qd2 Bb4 12. a3 Ba5 13. b4 Bb6 14. Na4 Kb8 15. Nxb6 axb6 16. b5 Nd4 17. Nxd4 exd4 18. O-O h5 19. Qf4 Rc8 20. a4 h4 21. Bh2 Nh5 22. Qxd4 Rhd8 23. Qb4 f4 24. a5 Bxh3 25. axb6 cxb6 26. Kh1 Bg4 27. Bxf4+ Nxf4 28. Qxf4+ Rc7 29. Qxg4 1-0


[Site "https://www.chess.com"]